 Dungeon Sprint DCSS version 0.30.1-11-g7821555f0a (webtiles) character file.

Game seed: 10822241242779669115

184 Groucho the Digger (level 5, -21/41 HPs)
             Began as a Formicid Earth Elementalist on Nov 22, 2023.
             Was a Follower of Cheibriados.
             Demolished by a +3 heavy dire flail (26 damage)
             ... in the Dungeon (Sprint V: "Ziggurat Sprint").
             The game lasted 00:03:13 (343 turns).

Groucho the Digger (Formicid Earth Elementalist)     Turns: 343, Time: 00:03:14

Health: -21/41     AC: 26    Str: 27    XL:     5   Next: 95%
Magic:  11/11      EV:  2    Int: 18    God:    Cheibriados [*.....]
Gold:   0          SH: 27    Dex: 16    Spells: 11/12 levels left

rFire   + + .        F - +7 great mace "Firestarter" {flame, immolate, rFlCloud rF++}
rCold   . . .        D - +18 shield of the Gong {Loud rN+ Will+ rCorr EV-5}
rNeg    + . .        C - +15 Maxwell's patent armour {-Cast -Tele rElec Will+ rCorr}
rPois   .            (helmet unavailable)
rElec   +            (no cloak)
rCorr   +            (no gloves)
SInv    +            (no boots)
Will    ++...        (no amulet) Stlth
                     w - +6 ring of strength
HPRegen 0.26/turn    x - +6 ring of strength
MPRegen 0.12/turn

%: no spellcasting
@: very slow
A: permanent stasis, dig shafts and tunnels, antennae 3, four strong arms
a: Dig, Renounce Religion, Bend Time


You were in the Dungeon.
You worshipped Cheibriados.
Cheibriados was aware of your devotion.
You visited 1 branch

Inventory:

Hand Weapons
 y - the +6 Majin-Bo {spellvamp, MP+6 Int+6}
   (You found it in the Dungeon)

   Int:       It affects your intelligence (+6).
   MP:        It affects your magic capacity (+6).
 z - the +10 dark maul {heavy}
   (You found it in the Dungeon)
 A - the +27 heavy crossbow "Sniper" {heavy, Acc+∞ SInv}
   (You found it in the Dungeon)

   Acc+∞: It never misses its target.
   SInv:      It lets you see invisible.
 B - the +16 obsidian axe {drain, demonic, Mesm Drain Fly SInv}
   (You found it in the Dungeon)

   Mesm:      Its wielder is mesmerised by any visible foes, and it cannot be
   unequipped while any foes are visible.
   SInv:      It lets you see invisible.
   Fly:       It grants you flight.
   Drain:     It drains your maximum health when unequipped.
 E - the +11 Singing Sword {sonic wave}
   (You found it in the Dungeon)
 F - the +7 great mace "Firestarter" (weapon) {flame, immolate, rFlCloud rF++}
   (You found it in the Dungeon)

   rFlCloud:  It grants immunity to clouds of flame.
   rF:        It greatly protects you from fire.
 G - the +8 lance "Wyrmbane" {slay drac, rPois rF+ rC+ AC+3}
   (You found it in the Dungeon)

   AC:        It affects your AC (+3).
   rF:        It protects you from fire.
   rC:        It protects you from cold.
   rPois:     It protects you from poison.
 H - the +7 mace of Variability {chaos, chaos arc}
   (You found it in the Dungeon)

   Cheibriados disapproves of the use of such an item.
 I - the +11 plutonium sword {Contam Stlth-}
   (You found it in the Dungeon)

   Contam:    It causes magical contamination when unequipped.
   Stlth:     It makes you less stealthy.
 J - the +13 scythe of Curses {drain, curses, Drain}
   (You found it in the Dungeon)

   Drain:     It drains your maximum health when unequipped.
 K - the +6 shillelagh "Devastator" {shatter}
   (You found it in the Dungeon)
 L - the +8 storm bow {elec, penet}
   (You found it in the Dungeon)
 M - the +9 sword of Power {lifebolt}
   (You found it in the Dungeon)
 N - the +9 sword of Zonguldrok {reap}
   (You found it in the Dungeon)
 O - a +5 triple crossbow
Armour
 a - +5 gold dragon scales
 C - the +15 Maxwell's patent armour (worn) {-Cast -Tele rElec Will+ rCorr}
   (You found it in the Dungeon)

   rElec:     It insulates you from electricity.
   -Cast:     It prevents spellcasting.
   -Tele:     It prevents most forms of teleportation.
   rCorr:     It protects you from acid and corrosion.
   Will:      It increases your willpower.
 D - the +18 shield of the Gong (worn) {Loud rN+ Will+ rCorr EV-5}
   (You found it in the Dungeon)

   Loud:      It is deafeningly noisy when blocking attacks.
   EV:        It affects your evasion (-5).
   rN:        It protects you from negative energy.
   rCorr:     It protects you from acid and corrosion.
   Will:      It increases your willpower.
Jewellery
 r - a ring of flight
 s - a +6 ring of dexterity
 t - a +6 ring of dexterity
 u - a +6 ring of intelligence
 v - a +6 ring of intelligence
 w - a +6 ring of strength (left hand)
 x - a +6 ring of strength (right hand)
Wands
 o - a wand of mindburst (7)
 p - a wand of iceblast (13)
 q - a wand of light (7)
Scrolls
 e - 4 scrolls of blinking
 k - 4 scrolls of amnesia
 l - 7 scrolls of fog
 m - 5 scrolls of identify
 n - 2 scrolls of fear
Potions
 b - 8 potions of magic
 c - 10 potions of curing
 d - 10 potions of heal wounds
 f - 2 potions of brilliance
 g - 2 potions of invisibility
 h - 4 potions of resistance
 i - a potion of experience
 j - 5 potions of might


   Skills:
 + Level 3.5 Fighting
 * Level 4.7 Maces & Flails
 + Level 3.2 Ranged Weapons
 + Level 3.5 Armour
 + Level 3.5 Dodging
 - Level 2.4 Stealth
 + Level 4.3 Shields
 + Level 4.0 Spellcasting
 - Level 1.1 Transmutations
 + Level 5.5 Earth Magic
 + Level 3.9 Invocations


You had 11 spell levels left.
You knew the following spells:

 Your Spells              Type           Power      Damage    Failure   Level
a - Sandblast             Erth           46%        2d11      36%         1

Your spell library contained the following spells:

 Spells                   Type           Power      Damage    Failure   Level
 Passwall                 Tmut/Erth      12%        N/A       83%         2
 Stone Arrow              Conj/Erth      26%        3d8       98%         3
 Petrify                  Tmut/Erth      15%        N/A       100%        4


Dungeon Overview and Level Annotations

Branches:
Dungeon (1/1)

Altars:
Ashenzari
Cheibriados
Dithmenos
Elyvilon
Fedhas
Gozag
Hepliaklqana
Kikubaaqudgha
Makhleb
Nemelex Xobeh
Okawaru
Qazlal
Ru
Sif Muna
Trog
Uskayaw
Vehumet
Wu Jian
Xom
Yredelemnul
Zin
The Shining One
Jiyva
Lugonu

Annotations:
D 1 transporter


Innate Abilities, Weirdness & Mutations

You cannot be hasted, slowed, berserked, paralysed or teleported.
You can dig through walls and to a lower floor.
You have a pair of large antennae on your head. (SInv)
Your four strong arms can wield two-handed weapons with a shield.


Message History

p - a wand of iceblast (13) (gained 3 charges)
Things that are here:
a +0 scythe; a +0 robe You see here a +1 whip of freezing.
There is a transporter here.
Welcome to arena 2.
You enter the transporter and appear at another place.
A +3 heavy dire flail, a deep elf archer and a deep elf pyromancer come into view.
The deep elf archer unwields a +0 dagger.
The deep elf archer wields a +0 shortbow.
The deep elf archer shoots an arrow.
SHROANNG!
You block the arrow.
Found three items.
Found a transporter.
Unknown command.
The +3 heavy dire flail hits you but does no damage.
You miss the +3 heavy dire flail. The +3 heavy dire flail hits you!
You miss the +3 heavy dire flail.
You block the +3 heavy dire flail's attack.
GONNNNG!
The deep elf pyromancer hits you but does no damage.
You block the +3 heavy dire flail's attack.
BOUMMMMG!
The deep elf pyromancer gestures at you while chanting.
The bolt of fire hits you. You resist.
You bludgeon the deep elf archer!! You burn the deep elf archer!
The deep elf archer is filled with an inner flame.
The deep elf archer is almost dead.
The +3 heavy dire flail hits you!!
Ouch! That really hurt!
* * * LOW HITPOINT WARNING * * *
The deep elf archer unwields a +0 shortbow.
The deep elf archer wields a +0 dagger.
You block the deep elf archer's attack.
SHROANNG!
You block the deep elf pyromancer's attack.
PTOANNNG!
The deep elf archer gestures wildly while chanting.
The deep elf archer blinks!
The +3 heavy dire flail hits you!!
Ouch! That really hurt!
You die...

▓▓▓▓▓▓▓▓▓▓▓▓▓
▓.8©8.▓.8©8.▓
{{
▓.|/=.▓.....▓
{
▓.....▓.)...▓
▓.e...▓.)...▓
▓.....▓..)..▓
▓.§(e.▓..©..▓
▓..@..▓▓▓▓▓▓▓
▓▓▓▓▓▓▓ {{
{{{ { { {


You could see a deep elf archer (inner flame, repels missiles), a deep elf
pyromancer and a +3 heavy dire flail.

Vanquished Creatures
  Sigmund (D)
  Jessica (D)
2 creatures vanquished.

Notes
Turn   | Place    | Note
-------+----------+-------------------------------------------
     0 | D        | Groucho the Formicid Earth Elementalist began the quest for
                  | the Orb.
     0 | D        | Reached XP level 1. HP: 13/13 MP: 3/3
    11 | D        | Found a shimmering blue altar of Sif Muna.
    11 | D        | Found a bloodstained altar of Trog.
    11 | D        | Found a sacrificial altar of Ru.
    11 | D        | Found a stormy altar of Qazlal.
    11 | D        | Found an iron altar of Okawaru.
    12 | D        | Found a sparkling altar of Nemelex Xobeh.
    12 | D        | Found a blossoming altar of Fedhas.
    12 | D        | Found the +6 Majin-Bo {spellvamp, MP+6 Int+6}
    12 | D        | Found the +27 heavy crossbow "Sniper" {heavy, Acc+∞ SInv}
    12 | D        | Found the +10 dark maul {heavy}
    12 | D        | Found the +15 Maxwell's patent armour {-Cast -Tele rElec
                  | Will+ rCorr}
    12 | D        | Found the +18 shield of the Gong {Loud rN+ Will+ rCorr
                  | EV-5}
    12 | D        | Found the +16 obsidian axe {drain, demonic, Mesm Drain Fly
                  | SInv}
    12 | D        | Found the +7 great mace "Firestarter" {flame, immolate,
                  | rFlCloud rF++}
    12 | D        | Found the +6 shillelagh "Devastator" {shatter}
    12 | D        | Found the +11 plutonium sword {Contam Stlth-}
    12 | D        | Found the +8 lance "Wyrmbane" {slay drac, rPois rF+ rC+
                  | AC+3}
    12 | D        | Found the +9 sword of Zonguldrok {reap}
    12 | D        | Found the +13 scythe of Curses {drain, curses, Drain}
    12 | D        | Found the +9 sword of Power {lifebolt}
    12 | D        | Found the +7 mace of Variability {chaos, chaos arc}
    12 | D        | Found the +11 Singing Sword {sonic wave}
    12 | D        | Found the +8 storm bow {elec, penet}
    14 | D        | Found a transporter.
    14 | D        | Found an ancient bone altar of Kikubaaqudgha.
    14 | D        | Found a viscous altar of Jiyva.
    14 | D        | Found a corrupted altar of Lugonu.
    14 | D        | Found a hazy altar of Hepliaklqana.
    14 | D        | Found a burning altar of Makhleb.
    14 | D        | Found an opulent altar of Gozag.
    70 | D        | Became a worshipper of Cheibriados the Contemplative
    87 | D        | Entered arena 2.
    87 | D        | Noticed Sigmund
    87 | D        | Noticed Jessica
    87 | D        | Found a transporter.
    89 | D        | Killed Jessica
    90 | D        | Reached skill level 1 in Fighting
    90 | D        | Reached skill level 1 in Ranged Weapons
    90 | D        | Reached skill level 1 in Armour
    90 | D        | Reached skill level 4 in Earth Magic
    90 | D        | Reached skill level 1 in Invocations
    90 | D        | Reached XP level 2. HP: 21/21 MP: 3/5
    90 | D        | Reached XP level 3. HP: 26/26 MP: 4/7
    96 | D        | Killed Sigmund
    96 | D        | Reached * piety under Cheibriados
    97 | D        | Reached skill level 5 in Earth Magic
    97 | D        | Reached XP level 4. HP: 21/35 MP: 6/10
    97 | D        | Reached XP level 5. HP: 25/41 MP: 6/11
   338 | D        | Entered arena 3.
   338 | D        | Noticed a +3 heavy dire flail
   338 | D        | Noticed a deep elf archer
   338 | D        | Noticed a deep elf pyromancer
   338 | D        | Found a transporter.
   343 | D        | Demolished by a +3 heavy dire flail

Illustrated notes

Levels and vault maps discovered:
D:        sprint_v [room_start, room_1, room_2, room_3, room_4, room_5, room_6,
          room_7, room_8, room_9, room_10, room_11, room_12, room_13, room_14,
          room_15, room_16, room_17, room_18, room_19, room_20, room_21,
          room_22, room_23, room_24, room_25, room_26, room_27]

Skill      XL: |  1  2  3 |
---------------+----------+-----
Fighting       | 1 3 |  3.5
Maces & Flails | 2 4 |  4.7
Ranged Weapons | 1 3 |  3.2
Armour         | 1 3 |  3.5
Dodging        | 2 3 |  3.5
Shields        | 2 4 |  4.3
Earth Magic    | 4 5 |  5.5
Invocations    | 1 3 |  3.9
Spellcasting   | 4 |  4.0
Stealth        | |  2.4
Transmutations | |  1.1

Action                     |  1- 3 |  4- 6 || total
---------------------------+-------+-------++-------
  Melee: Great mace        |     7 |     3 ||    10
 Armour: Plate armour      |     3 |     2 ||     5
  Block: Kite shield       |     3 |     5 ||     8
